 Dungeon Crawl Stone Soup version 0.29-a0-993-g4a18f31a58 (webtiles) character file.

Game seed: 12520456691963894328

54 Hubris850 the Changer (level 3, -3/26 HPs)
             Began as a Merfolk Transmuter on Aug 2, 2022.
             Was a Priest of Elyvilon.
             Slain by Terence
             ... wielding a +4 mace of protection
              (12 damage)
             ... on level 3 of the Dungeon.
             The game lasted 00:04:24 (2288 turns).

Hubris850 the Changer (Merfolk Transmuter)          Turns: 2288, Time: 00:04:25

Health: -3/26      AC:  2    Str: 10    XL:     3   Next: 91%
Magic:  6/7        EV: 13    Int: 14    God:    Elyvilon [***...]
Gold:   88         SH:  0    Dex: 20    Spells: 4/7 levels left

rFire   . . .      SeeInvis .     - Unarmed
rCold   . . .      Faith    .   (no shield)
rNeg    + . .      Spirit   .   a - +0 robe
rPois   .          Reflect  .   (helmet currently unavailable)
rElec   .          Harm     .   (no cloak)
rCorr   .          Rampage  .   (no gloves)
Will    .....                   (boots currently unavailable)
Stlth   ++........              (no amulet)
HPRegen 0.08/turn               c - +6 ring of dexterity
MPRegen 0.10/turn               i - ring of positive energy

@: appendages
A: horns 2, (nimble swimmer 2), mertail
a: End Transformation, Renounce Religion, Purification, Heal Other, Heal Self


You were on level 3 of the Dungeon.
You worshipped Elyvilon.
Elyvilon was most pleased with you.
You had temporarily grown beastly horns.
You visited 1 branch of the dungeon, and saw 3 of its levels.

You collected 88 gold pieces.

Inventory:

Armour
 a - a +0 robe (worn)
 e - a +0 leather armour
Jewellery
 c - a +6 ring of dexterity (left hand)
 i - a ring of positive energy (right hand)
Scrolls
 f - 3 scrolls of identify {unknown}
 j - a scroll of vulnerability {unknown}
 k - a scroll of summoning {unknown}
 m - a scroll of silence {unknown}
Potions
 b - 3 potions of lignification
 d - a potion of invisibility {unknown}
 g - a potion of heal wounds {unknown}
 h - a potion of resistance {unknown}
 l - a potion of cancellation {unknown}


   Skills:
 - Level 1.1 Fighting
 - Level 2.6 Dodging
 - Level 3.2 Unarmed Combat
 + Level 2.6 Spellcasting
 + Level 3.7 Transmutations
 + Level 1.9 Ice Magic
 + Level 0.6 Invocations


You had 4 spell levels left.
You knew the following spells:

 Your Spells              Type           Power      Damage    Failure   Level
a - Beastly Appendage     Tmut           24%        N/A       4%          1
b - Wereblood             Tmut           12%        N/A       8%          2

Your spell library contained the following spells:

 Spells                   Type           Power      Damage    Failure   Level
 Spider Form              Tmut/Pois      7%         N/A       30%         3
 Ice Form                 Ice/Tmut       9%         N/A       56%         4
 Summon Lightning Spire   Summ/Air       1%         N/A       91%         4
 Storm Form               Tmut/Air       3%         N/A       100%        7
 Maxwell's Capacitive Co  Air            0%         ∞         100%        8


Dungeon Overview and Level Annotations

Branches:
Dungeon (3/15)

Altars:
Elyvilon

Annotations:
D:3 Terence


Innate Abilities, Weirdness & Mutations

You have temporarily grown beastly horns.
((You are very nimble when in or above water. (Stealth+, EV+, Speed+++)))
Your lower body shifts to a powerful aquatic tail in water.


Message History

Done exploring.
(D) Dungeon
Where to? (Enter - D:2, ? - help)
There is a stone staircase leading down here.
You climb downwards.
There is a stone staircase leading up here.
A quokka skeleton is nearby!
Casting: Beastly Appendage (safe; 4% risk of failure)
Confirm with . or Enter, or press ? or * to list all spells.
You grow a pair of large bovine horns.
You hit the quokka skeleton.
The quokka skeleton is almost destroyed.
You hit the quokka skeleton.
You destroy the quokka skeleton!
Found a chain mail.
Your transformation is almost over.
Terence the Incautious comes into view.
He is wielding a +4 mace of protection.
Terence shouts!
Your horns disappear.
There is a stone staircase leading up here.
You have nothing you can fire or use right now.
Casting: Beastly Appendage (safe; 4% risk of failure)
Confirm with . or Enter, or press ? or * to list all spells.
You grow a pair of large bovine horns.
Casting: Beastly Appendage (safe; 4% risk of failure)
Confirm with . or Enter, or press ? or * to list all spells.
Okay, then.
You hit Terence but do no damage. You headbutt Terence!
Terence is moderately wounded.
Terence hits you with a +4 mace of protection.
You hit Terence but do no damage.
Terence is moderately wounded.
Terence barely misses you.
You hit Terence but do no damage. You headbutt Terence, but do no damage.
Terence is moderately wounded.
Terence hits you with a +4 mace of protection!
You hit Terence but do no damage.
Terence is moderately wounded.
Terence hits you with a +4 mace of protection!
You die...

..[....#.#
.#...P...##
.§.~§~≈@..#
.§§§§~..#.#
.§§~§§....#
.§§§~~§...#
§.§.§§P§.##
#.#.#..#.###
#........@@#
#..###.#.###
## #.#.#
#...# #.#..
#.#.# # ..#
###


You could see Terence.

Vanquished Creatures
  An adder (D:2)
  6 ball pythons
  4 bats
  4 endoplasms
  2 goblins (D:1)
  7 hobgoblins
  6 kobolds
  4 quokkas (D:1)
  2 frilled lizards (D:1)
  A quokka skeleton (D:3)
  2 rats (D:1)
39 creatures vanquished.

Vanquished Creatures (others)
  3 withered plants (D:1)
3 creatures vanquished.

Grand Total: 42 creatures vanquished

Notes
Turn   | Place    | Note
-------+----------+-------------------------------------------
     0 | D:1      | Hubris850 the Merfolk Transmuter began the quest for the
                  | Orb.
     0 | D:1      | Reached XP level 1. HP: 15/15 MP: 3/3
   131 | D:1      | Reached XP level 2. HP: 21/21 MP: 3/5
   134 | D:1      | Learned a level 2 spell: Wereblood
   181 | D:1      | Reached skill level 1 in Ice Magic
   363 | D:1      | Found a faded altar of an unknown god.
   381 | D:1      | Prayed at the altar of an unknown god.
   381 | D:1      | Became a worshipper of Elyvilon the Healer
   381 | D:1      | Reached * piety under Elyvilon
   821 | D:1      | Reached XP level 3. HP: 23/26 MP: 6/6
  1308 | D:2      | Reached ** piety under Elyvilon
  1878 | D:2      | Reached *** piety under Elyvilon
  2272 | D:3      | Noticed Terence
  2288 | D:3      | Slain by Terence

Illustrated notes

Levels and vault maps discovered:
D:1:      minmay_arrival_doors, layout_basic, serial_curves, eino_curves_02,
          eino_curves_04, ebering_ecumenical_altar_petrified, st_stairs_11,
          minmay_misc_feat_hallway
D:2:      layout_basic
D:3:      layout_basic, mainiacjoe_overflow_small_starburst, serial_shops,
          nicolae_shop_window_shopping, serial_undead, serial_undead_a,
          serial_undead_f, serial_undead_e, serial_undead_c, uniq_terence,
          uniq_ijyb

Skill      XL: |  1  2 |
---------------+-------+-----
Transmutations | 3 |  3.7
Ice Magic      | 1 |  1.9
Fighting       | |  1.1
Dodging        | |  2.6
Unarmed Combat | |  3.2
Spellcasting   | |  2.6
Invocations    | |  0.6

Action                   || total
-------------------------++-------
Melee: Unarmed           ||   124
       Headbutt          ||    11
       Punch             ||     4
 Cast: Beastly Appendage ||    12
       Wereblood         ||     1
 Stab: Sleeping          ||     3
Armor: Robe              ||    19
Dodge: Dodged            ||    83

Table legend: (Time is in decaauts)
 A = Elapsed time spent in this place.
 B = Non-inter-level travel time spent in this place.
 C = Inter-level travel time spent in this place.
 D = Time resting spent in this place.
 E = Time spent auto-exploring this place.
 F = Levels seen in this place.
 G = Mean time per level.
                   A        B        C        D        E       F      G
               +--------+--------+--------+--------+--------+-----+--------+
         Total |   2278 |   2185 |     93 |    322 |   1359 |   3 |  759.3 |
       Dungeon |   2278 |   2185 |     93 |    322 |   1359 |   3 |  759.3 |
               +--------+--------+--------+--------+--------+-----+--------+

Top non-repeatable levels by time:
     D:1: 1290 daAuts
     D:2: 960 daAuts
     D:3: 27 daAuts
